 Dungeon Crawl Stone Soup version 0.31.0-12-g77e489cdc1 (webtiles) character file.

Game seed: 12282884021218387127

709 hawla the Cleaver (level 7, -1/57 HPs)
             Began as a Minotaur Fighter on Feb 20, 2024.
             Incinerated by a bombardier beetle (4 damage)
             ... with a burning spray
             ... on level 6 of the Dungeon on Feb 21, 2024.
             The game lasted 00:06:40 (3037 turns).

hawla the Cleaver (Minotaur Fighter)                Turns: 3037, Time: 00:06:41

Health: -1/57      AC: 10    Str: 22    XL:     7   Next: 40%
Magic:  6/6        EV:  9    Int:  5    God:
Gold:   205        SH:  4    Dex: 10    Spells: 6/6 levels left

rFire   . . .        a - +0 war axe
rCold   . . .        c - +0 buckler
rNeg    . . .        q - +0 chain mail
rPois   .            (helmet restricted)
rElec   .            (no cloak)
rCorr   .            (no gloves)
SInv    .            u - +0 pair of boots
Will    .....        (no amulet) Stlth
                     (no ring)
HPRegen 0.29/turn    (no ring)
MPRegen 0.10/turn

%: no passive effects
@: on fire, about to teleport, glowing
A: horns 2, retaliatory headbutt
a: no special abilities


You were on level 6 of the Dungeon.
You visited 1 branch of the dungeon, and saw 7 of its levels.

You collected 205 gold pieces.

Inventory:

Hand Weapons
 a - a +0 war axe (weapon)
Missiles
 e - 12 poisoned darts (quivered)
Armour
 c - a +0 buckler (worn)
 q - a +0 chain mail (worn)
 u - a +0 pair of boots (worn)
Jewellery
 s - a +6 ring of dexterity
Scrolls
 g - 2 scrolls of identify
 k - a scroll of immolation {unknown}
 n - a scroll of blinking {unknown}
 p - a scroll of poison {unknown}
 r - a scroll of vulnerability {unknown}
Potions
 b - a potion of degeneration {unknown}
 d - 2 potions of might
 f - 2 potions of attraction
 h - a potion of enlightenment {unknown}
 j - a potion of heal wounds {unknown}
 l - 2 potions of curing
 t - a potion of lignification {unknown}
 v - a potion of ambrosia {unknown}


   Skills:
 - Level 3.6 Fighting
 + Level 8.3 Axes
 - Level 3.6 Armour
 - Level 5.0 Dodging
 - Level 3.6 Shields


You had 6 spell levels left.
You didn't know any spells.
Your spell library was empty.

Dungeon Overview and Level Annotations

Branches:
Dungeon (7/15)
 Temple: D:4-7

Altars:

Shops:
D:7 (


Innate Abilities, Weirdness & Mutations

You have a pair of horns on your head.
You reflexively headbutt those who attack you in melee.


Message History

The ice beast is heavily wounded.
The ice beast hits you but does no damage.
Okay, then.
The ice beast hits you but does no damage.
The bombardier beetle sprays incendiary fluid at you.
The burning spray hits you.
You are covered in liquid fire!
There is a stone staircase leading down here.
You can't go up here!
The liquid fire burns you! The ice beast hits you. The ice beast freezes you!
* * * LOW HITPOINT WARNING * * *
The bombardier beetle sprays incendiary fluid at you.
The burning spray hits you.
You are even more covered in liquid fire!
You shake off some of the fire as you move.
You climb downwards.
The liquid fire burns you!
* * * LOW HITPOINT WARNING * * *
The orc hits you with a +0 dagger.
* * * LOW HITPOINT WARNING * * *
You block the orc's attack.
There is a stone staircase leading up here.
It was a potion of curing.
You feel better. The liquid fire burns you!
* * * LOW HITPOINT WARNING * * *
The ice beast hits you but does no damage.
The orc closely misses you.
You feel better. The liquid fire burns you!
* * * LOW HITPOINT WARNING * * *
The ice beast hits you.
* * * LOW HITPOINT WARNING * * *
The ice beast freezes you!
* * * LOW HITPOINT WARNING * * *
The orc hits you but does no damage.
As you read the scroll of teleportation, it crumbles to dust.
You feel strangely unstable. The liquid fire burns you!
You die...

.#######
##......#
#.......##
#†........
#>.......!
##......##
######.#######
##Y...#.......#
#.@o..........#
#............<..o
#.[...##......##.
##....#######+#
#....# #......
#......# ......##


You could see an ice beast and an orc.

Vanquished Creatures
  Sigmund (D:2)
  A black bear (D:4)
  An ogre (D:5)
  2 hounds (D:4)
  A sleepcap (D:4)
  Jessica (D:2)
  Robin (D:2)
  4 gnolls (D:4)
  7 adders
  2 dart slugs
  2 ribbon worms
  13 orcs
  11 endoplasms
  A giant cockroach (D:2)
  13 goblins
  11 hobgoblins
  21 jackals
  3 quokkas
  12 ball pythons
  4 bats (D:1)
  A frilled lizard (D:3)
  10 kobolds
  9 rats
132 creatures vanquished.

Notes
Turn   | Place    | Note
-------+----------+-------------------------------------------
     0 | D:1      | hawla the Minotaur Fighter began the quest for the Orb.
     0 | D:1      | Reached XP level 1. HP: 19/19 MP: 0/0
    73 | D:1      | Reached skill level 1 in Dodging
    85 | D:1      | Reached XP level 2. HP: 19/26 MP: 1/1
   207 | D:1      | Reached XP level 3. HP: 31/31 MP: 2/2
   524 | D:2      | Noticed Sigmund
   535 | D:2      | Killed Sigmund
   536 | D:2      | Reached skill level 5 in Dodging
   536 | D:2      | Reached skill level 4 in Axes
   536 | D:2      | Reached XP level 4. HP: 13/39 MP: 3/3
   536 | D:2      | Reached XP level 5. HP: 15/45 MP: 4/4
   692 | D:2      | Noticed Robin
   699 | D:2      | Killed Robin
   938 | D:2      | Reached skill level 5 in Axes
   993 | D:2      | Found a faded altar of an unknown god.
   995 | D:2      | Noticed Jessica
  1000 | D:2      | Killed Jessica
  1001 | D:2      | Reached XP level 6. HP: 51/51 MP: 5/5
  2234 | D:4      | Reached skill level 6 in Axes
  2413 | D:4      | Reached skill level 7 in Axes
  2438 | D:4      | Reached XP level 7. HP: 22/57 MP: 6/6
  2964 | D:4      | You fall into a shaft and drop 3 floors!
  2971 | D:7      | Found Esmuhan's Weapon Shop.
  3019 | D:5      | Entered Level 5 of the Dungeon
  3024 | D:5      | Reached skill level 8 in Axes
  3037 | D:6      | Incinerated by a bombardier beetle

Illustrated notes

Levels and vault maps discovered:
D:1:      dpeg_arrival_signposts, layout_basic
D:2:      layout_loops_ring, shapermc_ecumenical_altar_rom_forum, uniq_robin,
          uniq_jessica, uniq_sigmund
D:3:      layout_basic, minmay_fountain_box, grunt_ministairs_1,
          minmay_misc_feat_enclosed, kennysheep_generic_room_10
D:4:      layout_loops_ring
D:5:      layout_cave_pools, minmay_temple_entry_glass,
          kennysheep_generic_room_12, uniq_eustachio
D:6:      layout_gridville, dreamdust_princess_bridge, minmay_hedge_maze,
          serial_park_tiny_2
D:7:      layout_cave_pools, serial_shops, shop

Skill      XL: |  1  2  3  4  5  6  7 |
---------------+----------------------+-----
Dodging        | 1 3 5 |  5.0
Axes           | 4 5 7 8 |  8.3
Fighting       | |  3.6
Armour         | |  3.6
Shields        | |  3.6

Action                     |  1- 3 |  4- 6 |  7- 9 || total
---------------------------+-------+-------+-------++-------
  Melee: War axe           |    68 |   156 |    43 ||   267
         Headbutt          |     6 |    20 |     6 ||    32
  Throw: Dart              |     3 |       |     3 ||     6
    Use: Scroll            |     3 |     1 |     3 ||     7
         Potion            |       |       |     2 ||     2
 Armour: Scale mail        |    42 |    26 |       ||    68
         Chain mail        |       |    83 |    34 ||   117
  Dodge: Dodged            |    52 |    69 |    14 ||   135
  Block: Buckler           |    14 |    31 |    12 ||    57
